 Dungeon Crawl Stone Soup version 0.23.2-1-ga50397a (webtiles) character file.

Game seed: 15856789984560496037

88027 diana the Protected (level 15, -4/111 HPs)
             Began as a Demonspawn Gladiator on May 22, 2019.
             Was the Champion of Okawaru.
             Slain by a deep troll (11 damage)
             ... on level 1 of the Depths.
             The game lasted 00:47:34 (25308 turns).

diana the Protected (Demonspawn Gladiator)         Turns: 25308, Time: 00:47:35

Health: -4/111     AC: 33    Str: 22 (24) XL:     15   Next: 45%
Magic:  18/21      EV: 18    Int: 12      God:    Okawaru [******]
Gold:   417        SH:  8    Dex: 23      Spells: 14/14 levels left

rFire    + + .     SeeInvis +   Y - +1 lajatang of Capital Punishment {freeze, rN+ Int+4 Stlth+}
rCold    . . .     Gourm    .   (shield currently unavailable)
rNeg     + . .     Faith    .   J - +10 plate armour {ponderous}
rPois    +         Spirit   .   r - +1 hat of the Valley {rF++}
rElec    .         Reflect  .   Q - scarf {cloud immunity}
rCorr    .         Harm     .   n - +0 pair of fencer's gloves {Riposte Dex+3}
MR       ++++.     Rnd*Rage +   b - +0 pair of boots {run}
Stlth    ..........             a - necklace of Bloodlust {*Rage +Rage MR++ Int-3 Slay+6 *Curse} (curse)
HPRegen  0.28/turn              y - +5 ring of strength
MPRegen  0.17/turn              Z - ring of Hyrgh {rPois MR+ Dex+5}

@: about to teleport, heroism, berserk cooldown, slowed, studying Fighting, very
slow
A: hooves 2, horns 1, large bone plates 3, see invisible, deterioration 1, frail
1, spiny 2, evolution 1
a: Heroism, Finesse, Renounce Religion, Evoke Berserk Rage


You were on level 1 of the Depths.
You worshipped Okawaru.
Okawaru was exalted by your worship.
You were very hungry.

You visited 4 branches of the dungeon, and saw 23 of its levels.
You also visited: Gauntlet.

You collected 2560 gold pieces.
You spent 2143 gold pieces at shops.

Inventory:

Hand Weapons
 g - a +2 quarterstaff of speed
 Y - the +1 lajatang of Capital Punishment (weapon) {freeze, rN+ Int+4 Stlth+}
   (Okawaru gifted it to you on level 13 of the Dungeon)

   It has been specially enchanted to freeze those struck by it, causing extra
   injury to most foes and up to half again as much damage against particularly
   susceptible opponents.
   It can also slow down cold-blooded creatures.
   It affects your intelligence (+4).
   It protects you from negative energy.
   It makes you more stealthy.
Missiles
 d - 2 throwing nets (quivered)
Armour
 b - a +0 pair of boots of running (worn)
 e - a +0 pair of boots of flying
 n - the +0 pair of fencer's gloves (worn) {Riposte Dex+3}
   (You found it in a Gauntlet)

   It affects your dexterity (+3).
 r - the +1 hat of the Valley (worn) {rF++}
   (You bought it in a shop on level 2 of the Orcish Mines)

   It greatly protects you from fire.
 I - a +1 cloak of invisibility
 J - a +10 plate armour of ponderousness (worn)
 Q - a scarf of cloud immunity (worn)
 V - a +2 helmet of see invisible
Jewellery
 a - the cursed necklace of Bloodlust (around neck) {*Rage +Rage MR++ Int-3 Slay+6 *Curse}
   (You found it on level 1 of the Lair of Beasts)

   [amulet of rage]

   It affects your intelligence (-3).
   It affects your accuracy and damage with ranged weapons and melee attacks
   (+6).
   It affects your resistance to hostile enchantments.
   It lets you go berserk.
   It may make you go berserk in combat.
   It curses itself when equipped.
   It has a curse placed upon it.
 y - a +5 ring of strength (left hand)
 O - a +5 ring of protection
 Z - the ring of Hyrgh (right hand) {rPois MR+ Dex+5}
   (You bought it in a shop on level 2 of the Orcish Mines)

   [ring of poison resistance]

   It affects your dexterity (+5).
   It protects you from poison.
   It affects your resistance to hostile enchantments.
Wands
 x - a wand of acid (7)
 B - a wand of clouds (5)
 K - a wand of disintegration (43)
 R - a wand of iceblast (15)
 U - a wand of flame (14)
Scrolls
 c - 4 scrolls of enchant weapon
 h - a scroll of amnesia
 k - 2 scrolls of immolation
 m - 4 scrolls of magic mapping
 q - 2 scrolls of blinking
 s - 13 scrolls of remove curse
 t - 6 scrolls of teleportation
 u - 3 scrolls of fog
 w - 3 scrolls of fear
 z - a scroll of random uselessness {unknown}
 D - a scroll of acquirement
 E - a scroll of enchant armour
 G - 2 scrolls of torment
 H - a scroll of noise {unknown}
 L - a scroll of summoning {unknown}
 M - a scroll of holy word {unknown}
 P - a scroll of silence {unknown}
 X - a scroll of vulnerability {unknown}
Potions
 i - a potion of resistance
 j - 2 potions of ambrosia
 l - a potion of agility {unknown}
 o - 5 potions of berserk rage
 p - a potion of heal wounds
 v - a potion of invisibility
 A - a potion of haste {unknown}
 C - 4 potions of might
 F - 2 potions of flight {unknown}
 N - a potion of magic {unknown}
 S - a potion of curing {unknown}
Books
 W - a manual of Fighting
Comestibles
 f - 31 rations


   Skills:
 + Level 13.6(18.6) Fighting
 - Level 14.0(19.0) Staves
 - Level 1.7(6.7) Throwing
 + Level 14.6(19.6) Armour
 + Level 10.0(15.0) Dodging
 - Level 8.5 Invocations


You had 14 spell levels left.
You didn't know any spells.
Your spell library contained the following spells:

 Spells                   Type           Power        Failure   Level  Hunger
 Animate Skeleton         Necr           N/A          91%         1    ##.....
 Apportation              Tloc           #.....       91%         1    ##.....
 Beastly Appendage        Tmut           #.....       91%         1    ##.....
 Flame Tongue             Conj/Fire      #....        91%         1    ##.....
 Pain                     Necr           #...         91%         1    ##.....
 Summon Butterflies       Summ           #.......     91%         1    ##.....
 Sticks to Snakes         Tmut           #.......     97%         2    ###....
 Throw Flame              Conj/Fire      #.....       97%         2    ###....
 Conjure Flame            Conj/Fire      #.......     100%        3    ####...
 Inner Flame              Hex/Fire       #.......     100%        3    ####...
 Lesser Beckoning         Tloc           #.........   100%        3    ####...
 Regeneration             Chrm/Necr      #.........   100%        3    ####...
 Spider Form              Tmut/Pois      #.........   100%        3    ####...
 Tukima's Dance           Hex            #.......     100%        3    ####...
 Vampiric Draining        Necr           #.........   100%        3    ####...
 Animate Dead             Necr           N/A          100%        4    #####..
 Ice Form                 Ice/Tmut       #.......     100%        4    #####..
 Sticky Flame             Conj/Fire      #.......     100%        4    #####..
 Alistair's Intoxication  Tmut/Pois      #.......     100%        5    ######.
 Blade Hands              Tmut           #.........   100%        5    ######.
 Bolt of Magma            Conj/Fire/Erth #.........   100%        5    ######.
 Fireball                 Conj/Fire      #.........   100%        5    ######.
 Iskenderun's Battlesphe  Conj/Chrm      #.......     100%        5    ######.
 Venom Bolt               Conj/Pois      #.........   100%        5    ######.
 Invisibility             Hex            #.......     100%        6    #######
 Iron Shot                Conj/Erth      #.........   100%        6    #######
 Orb of Destruction       Conj           #.........   100%        7    #######
 Spellforged Servitor     Conj/Summ      #.........   100%        7    #######


Dungeon Overview and Level Annotations

Branches:
Dungeon (15/15)            Temple (0/1) D:7            Lair (5/6) D:9
  Swamp (0/4) Lair:2       Spider (0/4) Lair:3        Slime (0/5) Lair:5
    Orc (2/2) D:12            Elf (0/3) Orc:2        Vaults (0/5) D:13
 Depths (1/5) D:15

Altars:
Nemelex Xobeh
Okawaru
Qazlal
Trog
Beogh

Shops:
D:6 [   Orc:2 **=*

Portals:
Trove: D:13 (give +2 gold dragon scales)

Annotations:
D:6 2 transporters, whitewolfNL's ghost, novice MiBe
D:13 1 runed translucent door
D:14 2 transporters, Qighu's ghost, journeyman DrGl


Innate Abilities, Weirdness & Mutations

You have hoof-like feet.
You are completely covered in large bone plates. (SH +8)
You are mostly covered in sharp spines.
You have a pair of small horns on your head.
You have supernaturally acute eyesight. (SInv)
Your body sometimes deteriorates upon taking damage.
You are frail. (-10% HP)
You evolve.


Message History

The deep troll barely misses you. The deep troll bites you.
* * * LOW HITPOINT WARNING * * *
The deep troll claws you.
* * * LOW HITPOINT WARNING * * *
The deep troll closely misses you. You block the deep troll's attack.
The deep troll misses you.
The deep troll claws you but does no damage.
The deep troll shaman is struck by your spines.
The deep troll shaman bites you but does no damage.
The deep troll shaman claws you.
* * * LOW HITPOINT WARNING * * *
The deep troll shaman claws you but does no damage.
The deep troll is struck by your spines.
The deep troll bites you but does no damage.
The deep troll closely misses you. The deep troll completely misses you.
The deep troll bites you!
* * * LOW HITPOINT WARNING * * *
Your body deteriorates!
You feel weakened. The deep troll claws you!
You die...

....+ ...# ...## TTT.###
♣♣♣♣######T....
♣≈≈≈≈≈PPPP...#
≈≈≈≈≈≈PP≈TTT.#.#
≈≈≈≈≈≈≈≈PP@T.#.# ##.##
≈≈≈≈≈≈≈≈≈≈...#.# ♣≈.P♣
≈≈≈≈PP≈≈≈....#.# P..
≈≈≈≈≈P≈[≈....#.# ♣♣≈♣♣
≈≈≈≈≈≈)((...(#.# ♣≈≈.♣
≈≈≈≈≈PP≈≈....#.♣♣ ♣≈≈P♣♣♣♣
≈≈≈≈≈≈≈≈≈P...#.P♣♣♣♣≈..P≈P♣
≈≈≈≈≈≈P≈≈≈......≈.≈≈≈.≈≈≈≈≈
♣♣≈≈≈≈≈≈P≈....#≈♣P≈♣≈≈≈♣♣P.


You could see 2 iron trolls, 4 deep trolls and 2 deep troll shamans.

Vanquished Creatures
  Gastronok (Lair:2)
  Donald (Orc:2)
  An ironheart preserver (D:13)
  A minotaur (Gauntlet)
  A merfolk javelineer (Depths:1)
  The ghost of Kyusiynim the Covert, a journeyman GnEn (Lair:4)
  Josephine (D:13)
  2 ice dragons (Depths:1)
  5 hydras
  The ghost of RadicalHijinx the Slinger, a journeyman HaWr of Okawaru (Lair:1)
  3 centaur warriors (D:13)
  A death knight (D:15)
  2 catoblepae
  2 death yaks (Lair:5)
  2 two-headed ogres
  3 tengu warriors
  A queen ant (D:10)
  2 deep troll shamans (Depths:1)
  Urug (D:13)
  3 unseen horrors
  2 skeletal warriors (D:15)
  A flayed ghost (D:15)
  A deep elf archer (D:13)
  2 orc knights
  A deep elf mage (D:12)
  2 orc sorcerers (Orc:1)
  A necromancer (D:15)
  4 cyclopes
  2 manticores (D:11)
  6 ugly things
  A shining eye (Gauntlet)
  A wolf spider (D:13)
  Maurice (D:13)
  A centaur zombie (D:13)
  8 elephants
  A frost giant skeleton (D:15)
  4 black mambas
  3 gargoyles
  9 spiny frogs
  2 rime drakes (Lair:5)
  3 efreet
  8 komodo dragons
  A kobold demonologist (D:12)
  A queen bee (Lair:5)
  A tengu conjurer (D:13)
  2 hornets (Lair:4)
  5 trolls
  3 polar bears (Lair:4)
  6 meliai
  A spriggan zombie (D:15)
  13 slime creatures
  A raiju (Gauntlet)
  7 blink frogs (Lair:5)
  7 hippogriffs
  3 water elementals (Depths:1)
  2 shadows (Gauntlet)
  2 spectral black mambas (Lair:1)
  A redback (Lair:3)
  2 spriggans (Lair:4)
  3 basilisks
  A fire bat (shapeshifter) (D:13)
  9 wyverns
  A spectral komodo dragon (Lair:1)
  4 hogs (D:7)
  A human (D:7)
  42 yaks
  6 wraiths
  3 hungry ghosts
  An elf zombie (D:15)
  2 steam dragons
  A golden eye (Gauntlet)
  A death yak simulacrum (Lair:1)
  3 wargs (Orc:2)
  5 vampire mosquitoes
  9 soldier ants
  7 water moccasins
  An acid dragon (D:15)
  41 orc warriors
  8 porcupines
  A sky beast (D:5)
  A black bear (shapeshifter) (D:15)
  3 ice beasts
  4 black bears
  2 phantoms
  3 eyes of draining (D:13)
  15 ogres
  13 wolves
  A boggart (Lair:4)
  7 crocodiles
  11 centaurs
  3 big kobolds
  A yaktaur zombie (D:15)
  13 bullfrogs
  A wyvern skeleton (D:7)
  A spiny frog simulacrum (Lair:1)
  A scorpion (D:11)
  A water moccasin skeleton (D:3)
  A dream sheep simulacrum (Lair:1)
  3 wights (D:15)
  35 killer bees
  5 howler monkeys
  An electric eel (Lair:4)
  A komodo dragon simulacrum (Lair:1)
  2 quasits
  A crimson imp (D:5)
  3 bullfrog skeletons
  4 hounds
  5 jellies
  17 orc priests
  22 orc wizards
  6 centaur skeletons
  4 iguanas
  36 worker ants
  A hound zombie (D:10)
  A hound skeleton (D:9)
  2 howler monkey zombies (D:6)
  17 adders
  3 shadow imps
  9 oozes
  2 adder zombies
  An adder skeleton (D:6)
  2 worms (D:4)
  A dart slug (D:1)
  4 leopard geckos
  82 orcs
  A ball python (D:1)
  5 giant cockroaches
  12 goblins
  4 hobgoblins
  3 jackals (D:4)
  17 kobolds
  A quokka (D:2)
  3 bats
  A frilled lizard (D:1)
  2 quokka skeletons
  7 rats
  A bush (D:7)
  A butterfly (Lair:5)
  A plant (Lair:5)
718 creatures vanquished.

Vanquished Creatures (others)
  A crocodile (Lair:5)
  A butterfly (Lair:5)
  3 fungi
  5 plants
10 creatures vanquished.

Grand Total: 728 creatures vanquished

Notes
Turn   | Place    | Note
-------+----------+-------------------------------------------
     0 | D:1      | diana the Demonspawn Gladiator began the quest for the Orb.
     0 | D:1      | Reached XP level 1. HP: 16/16 MP: 1/1
   116 | D:1      | Gained mutation: You have large cloven feet. [demonic
                  | ancestry]
   116 | D:1      | Reached XP level 2. HP: 22/22 MP: 2/2
   402 | D:1      | Reached skill level 1 in Armour
   766 | D:2      | Reached XP level 3. HP: 24/28 MP: 3/3
   945 | D:2      | Reached XP level 4. HP: 30/34 MP: 4/4
  1490 | D:3      | Reached XP level 5. HP: 34/41 MP: 5/5
  2636 | D:4      | Gained mutation: You are partially covered in large bone
                  | plates. (SH +4) [demonic ancestry]
  2636 | D:4      | Reached XP level 6. HP: 45/48 MP: 6/6
  2716 | D:5      | Entered Level 5 of the Dungeon
  3060 | D:5      | Reached XP level 7. HP: 12/55 MP: 7/7
  3449 | D:5      | Reached skill level 5 in Fighting
  3502 | D:5      | Reached skill level 5 in Staves
  3688 | D:6      | Found an iron altar of Okawaru.
  3706 | D:6      | Became a worshipper of Warmaster Okawaru
  3722 | D:6      | Found a transporter.
  3725 | D:6      | Noticed whitewolfNL's ghost (novice MiBe)
  3983 | D:6      | Found a transporter.
  4112 | D:6      | Reached XP level 8. HP: 58/64 MP: 8/8
  4740 | D:6      | Reached skill level 5 in Armour
  4754 | D:6      | Found Jugunkar's Armour Boutique.
  5614 | D:7      | Found a staircase to the Ecumenical Temple.
  5624 | D:7      | Reached * piety under Okawaru
  6172 | D:7      | Gained mutation: You are partially covered in sharp spines.
                  | [demonic ancestry]
  6172 | D:7      | Reached XP level 9. HP: 63/69 MP: 6/9
  6181 | D:7      | Reached ** piety under Okawaru
  6569 | D:8      | Noticed a two-headed ogre
  7077 | D:8      | Killed a two-headed ogre
  7397 | D:6      | Bought a +10 plate armour of ponderousness for 500 gold
                  | pieces
  7744 | D:9      | Gained mutation: You are mostly covered in large bone
                  | plates. (SH +6) [demonic ancestry]
  7744 | D:9      | Reached XP level 10. HP: 76/76 MP: 10/10
  7847 | D:9      | Found a staircase to the Lair.
  7973 | D:9      | Found a stormy altar of Qazlal.
  8234 | D:9      | Found a sparkling altar of Nemelex Xobeh.
  8414 | D:10     | Entered Level 10 of the Dungeon
  8538 | D:10     | Reached *** piety under Okawaru
  8982 | D:10     | Reached skill level 10 in Staves
  9254 | D:10     | Noticed a queen ant
  9308 | D:10     | Killed a queen ant
  9308 | D:10     | Reached **** piety under Okawaru
  9308 | D:10     | Reached skill level 10 in Armour
  9319 | D:10     | Noticed a two-headed ogre
  9808 | D:10     | Gained mutation: You are mostly covered in sharp spines.
                  | [demonic ancestry]
  9808 | D:10     | Reached XP level 11. HP: 71/81 MP: 8/11
  9959 | D:10     | Killed a two-headed ogre
  9959 | D:10     | Reached ***** piety under Okawaru
 10758 | D:11     | Reached skill level 1 in Invocations
 10778 | D:11     | Received a gift from Okawaru
 11704 | D:12     | Noticed a deep elf mage
 11799 | D:12     | Killed a deep elf mage
 11803 | D:12     | Killed an unseen horror
 11803 | D:12     | Reached skill level 5 in Invocations
 12024 | Lair:1   | Entered Level 1 of the Lair of Beasts
 12046 | Lair:1   | Found a gate leading to a gauntlet.
 12054 | Gauntlet | Entered a Gauntlet
 12054 | Gauntlet | Found a transporter.
 12054 | Gauntlet | Found a transporter.
 12054 | Gauntlet | Found a transporter.
 12054 | Gauntlet | Found a transporter.
 12058 | Gauntlet | Found a transporter.
 12060 | Gauntlet | Found a large runed translucent door.
 12061 | Gauntlet | Found a large runed translucent door.
 12062 | Gauntlet | Found a runed translucent door.
 12062 | Gauntlet | Found a runed translucent door.
 12063 | Gauntlet | Found a large runed translucent door.
 12063 | Gauntlet | Found a large runed translucent door.
 12063 | Gauntlet | Found a large runed translucent door.
 12063 | Gauntlet | Found a large runed translucent door.
 12063 | Gauntlet | Found a large runed translucent door.
 12063 | Gauntlet | Found a large runed translucent door.
 12064 | Gauntlet | Found a large runed translucent door.
 12064 | Gauntlet | Found a large runed translucent door.
 12065 | Gauntlet | Found a large runed translucent door.
 12065 | Gauntlet | Found a large runed translucent door.
 12066 | Gauntlet | Found a runed translucent gate.
 12066 | Gauntlet | Found a runed translucent gate.
 12066 | Gauntlet | Found a runed translucent gate.
 12068 | Gauntlet | Found a transporter.
 12078 | Gauntlet | Found a large runed translucent door.
 12079 | Gauntlet | Found a large runed translucent door.
 12088 | Gauntlet | Found a large runed translucent door.
 12088 | Gauntlet | Found a large runed translucent door.
 12133 | Gauntlet | Found a transporter.
 12142 | Gauntlet | Noticed a catoblepas
 12145 | Gauntlet | Found a transporter.
 12159 | Gauntlet | Found a transporter.
 12172 | Gauntlet | Found the +0 pair of fencer's gloves {Riposte Dex+3}
 12174 | Gauntlet | Found a transporter.
 12184 | Gauntlet | Found a transporter.
 12190 | Gauntlet | Found a transporter.
 12190 | Gauntlet | Noticed a shining eye
 12319 | Gauntlet | Killed a catoblepas
 12336 | Gauntlet | Gained mutation: You are completely covered in large bone
                  | plates. (SH +8) [demonic ancestry]
 12336 | Gauntlet | Reached XP level 12. HP: 54/88 MP: 11/16
 12489 | Gauntlet | Identified a +0 pair of boots of running (You found it in a
                  | Gauntlet)
 12615 | Gauntlet | Identified the +9 hunting sling of Ruedghess {freeze, Str-4
                  | Int+5 SInv}
 12615 | Gauntlet | Noticed a minotaur
 12637 | Gauntlet | Killed a minotaur
 13158 | Lair:1   | Found a runed translucent gate.
 13159 | Lair:1   | Found a runed translucent gate.
 13160 | Lair:1   | Found a runed translucent gate.
 13170 | Lair:1   | Found the cursed necklace of Bloodlust {*Rage +Rage MR++
                  | Int-3 Slay+6 *Curse}
 13170 | Lair:1   | Noticed RadicalHijinx's ghost (journeyman HaWr)
 13225 | Lair:1   | Received a gift from Okawaru
 14675 | Lair:2   | Noticed Gastronok
 14707 | Lair:2   | Killed Gastronok
 14707 | Lair:2   | Reached ****** piety under Okawaru
 14707 | Lair:2   | Received a gift from Okawaru
 14708 | Lair:2   | You fall through a shaft!
 14870 | Lair:2   | Found a staircase to the Swamp.
 15259 | Lair:3   | Found a hole to the Spider Nest.
 15306 | Lair:3   | Noticed a catoblepas
 15329 | Lair:3   | Killed a catoblepas
 15525 | Lair:3   | Reached skill level 5 in Dodging
 16232 | Lair:4   | Noticed a four-headed hydra
 16238 | Lair:4   | Reached XP level 13. HP: 92/96 MP: 16/19
 16815 | Lair:4   | Found a runed translucent door.
 16817 | Lair:4   | Noticed Kyusiynim's ghost (journeyman GnEn)
 16828 | Lair:4   | Identified the +5 trident "Mor Toci" {pierce, rPois MP+9
                  | Dex+2}
 17276 | Lair:5   | Received a gift from Okawaru
 17405 | Lair:5   | Got a distressingly furry chain mail
 17417 | Lair:5   | Identified the cursed +0 chain mail of Ydirr {Dex+5} (You
                  | found it on level 5 of the Lair of Beasts)
 18277 | Lair:5   | Found a staircase to the Slime Pits.
 19115 | Lair:5   | Gained mutation: You have hoof-like feet. [demonic
                  | ancestry]
 19115 | Lair:5   | Reached XP level 14. HP: 97/108 MP: 20/20
 19223 | Lair:4   | Killed Kyusiynim's ghost
 19362 | Lair:1   | Killed RadicalHijinx's ghost
 19381 | Lair:1   | Received a gift from Okawaru
 19541 | D:12     | Found a staircase to the Orcish Mines.
 20412 | D:13     | Reached skill level 10 in Fighting
 20415 | D:13     | Noticed Josephine
 20432 | D:13     | Killed Josephine
 20698 | D:13     | Noticed Maurice
 20731 | D:13     | Killed Maurice
 20826 | D:13     | Found a runed translucent door.
 20853 | D:13     | Noticed a tengu reaver
 20982 | D:13     | Received a gift from Okawaru
 20996 | D:13     | Got a slimy lajatang {god gift}
 20997 | D:13     | Identified the +1 lajatang of Capital Punishment {freeze,
                  | rN+ Int+4 Stlth+} (Okawaru gifted it to you on level 13 of
                  | the Dungeon)
 21001 | D:13     | Noticed an ironheart preserver
 21019 | D:13     | Killed an ironheart preserver
 21028 | D:13     | Found a gate to the Vaults.
 21031 | D:13     | Noticed Urug
 21045 | D:13     | Killed Urug
 21327 | D:13     | Found a portal to a secret trove of treasure.
 21503 | Orc:1    | Entered Level 1 of the Orcish Mines
 21503 | Orc:1    | Found a roughly hewn altar of Beogh.
 21831 | Orc:2    | Entered Level 2 of the Orcish Mines
 21917 | Orc:2    | Noticed Donald
 21933 | Orc:2    | Killed Donald
 21935 | Orc:2    | Received a gift from Okawaru
 22080 | Orc:2    | Found a staircase to the Elven Halls.
 22539 | Orc:2    | Found Cagicik's Jewellery Emporium.
 22539 | Orc:2    | Found Dogg's General Store.
 22541 | Orc:2    | Found Afrusk's Assorted Antiques.
 22604 | Orc:2    | Found Ireur's Assorted Antiques.
 22614 | Orc:2    | Bought a +5 ring of protection for 770 gold pieces
 22614 | Orc:2    | Bought the ring of Hyrgh {rPois MR+ Dex+5} for 603 gold
                  | pieces
 22739 | Orc:2    | Bought a slimy hat for 270 gold pieces
 22756 | Orc:2    | Identified the +1 hat of the Valley {rF++} (You bought it
                  | in a shop on level 2 of the Orcish Mines)
 23892 | D:14     | Found a transporter.
 23894 | D:14     | Noticed a stone giant
 23908 | D:14     | Identified the +2 glaive of the Spider Nest {speed, Dex+2}
 23911 | D:14     | Noticed Qighu's ghost (journeyman DrGl)
 23913 | D:14     | Found a bloodstained altar of Trog.
 23927 | D:14     | Found a transporter.
 24007 | D:14     | Reached XP level 15. HP: 121/121 MP: 18/21
 24011 | D:14     | Received a gift from Okawaru
 24271 | D:15     | Entered Level 15 of the Dungeon
 24468 | D:15     | Gained mutation: You have a pair of small horns on your
                  | head. [potion of mutation]
 24468 | D:15     | Gained mutation: Your flesh is heat resistant. (rF+)
                  | [potion of mutation]
 24468 | D:15     | Gained mutation: Your mind is acute. (Int +2) [potion of
                  | mutation]
 24469 | D:15     | Lost mutation: Your flesh is heat resistant. (rF+) [potion
                  | of mutation]
 24469 | D:15     | Lost mutation: Your mind is acute. (Int +2) [potion of
                  | mutation]
 24469 | D:15     | Gained mutation: Your body sometimes deteriorates upon
                  | taking damage. [potion of mutation]
 24469 | D:15     | Gained mutation: You are frail. (-10% HP) [potion of
                  | mutation]
 24469 | D:15     | Gained mutation: You evolve. [potion of mutation]
 24697 | D:15     | Identified a scroll of acquirement
 24769 | D:15     | Found a staircase to the Depths.
 24858 | D:15     | Gained mutation: You have supernaturally acute eyesight.
                  | (SInv) [evolution]
 24931 | Depths:1 | Entered Level 1 of the Depths
 25294 | Depths:1 | Reached skill level 10 in Dodging
 25308 | Depths:1 | Slain by a deep troll

Skill      XL: |  1  2  3  4  5  6  7  8  9 10 11 12 13 14 15 |
---------------+----------------------------------------------+-----
Armour         | 1 2 3 4 6 8 10 11 12 13 14 | 14.6
Dodging        | 3 5 7 9 10 | 10.0
Staves         | 3 4 5 7 9 10 11 12 13 14 | 14.0
Fighting       | 3 4 5 6 7 9 12 13 | 13.6
Invocations    | 6 8 |  8.5
Throwing       | |  1.7

Action                   |  1- 3 |  4- 6 |  7- 9 | 10-12 | 13-15 || total
-------------------------+-------+-------+-------+-------+-------++-------
Melee: Quarterstaff      |    79 |   157 |   324 |   966 |   941 ||  2467
       Kick              |    14 |    43 |   124 |   274 |       ||   455
       Lajatang          |       |       |       |       |   405 ||   405
       Headbutt          |       |       |       |       |    40 ||    40
Throw: Throwing net      |       |     1 |     1 |       |       ||     2
Invok: Heroism           |       |       |     2 |    15 |    10 ||    27
       Finesse           |       |       |       |     5 |     8 ||    13
Evoke: Wand              |       |       |    15 |       |       ||    15
  Use: Scroll            |       |       |     7 |     4 |    13 ||    24
       Potion            |       |       |     2 |     3 |     4 ||     9
 Stab: Held in net/web   |       |     1 |       |       |       ||     1
  Eat: Chunk             |       |     7 |    12 |    20 |    18 ||    57
       Ration            |       |       |     1 |     3 |     3 ||     7
Armor: Leather armour    |    12 |       |       |       |       ||    12
       Plate armour      |    25 |   144 |   190 |   401 |   433 ||  1193
Dodge: Dodged            |    38 |    44 |   128 |   291 |   500 ||  1001
Block: Other             |       |     7 |    49 |   237 |   399 ||   692
       Reflection        |       |       |       |       |     1 ||     1
       Rpst.: Quarterstaff |       |       |       |    19 |    57 ||    76
       Lajatang          |       |       |       |       |    31 ||    31
